 Dungeon Crawl Stone Soup version 0.26-a0-808-g930a2b7adc (webtiles) character file.

Game seed: 4950576306811478498

7816 Gargoyl the Fighter (level 11, -4/89 HPs)
             Began as a Gnoll Abyssal Knight on Nov 11, 2020.
             Was a High Priest of Lugonu.
             Slain by a wyvern (7 damage)
             ... on level 10 of the Dungeon on Nov 12, 2020.
             The game lasted 00:14:18 (9885 turns).

Gargoyl the Fighter (Gnoll Abyssal Knight)          Turns: 9885, Time: 00:14:19

Health: -4/89      AC: 12    Str: 17    XL:     11   Next: 21%
Magic:  0/20       EV: 14    Int: 14    God:    Lugonu [*****.]
Gold:   420        SH:  0    Dex: 16    Spells: 22/22 levels left

rFire    . . .     SeeInvis +   g - +5 quarterstaff (chaos)
rCold    . . .     Faith    .   (shield currently unavailable)
rNeg     . . .     Spirit   +   o - +0 scale mail
rPois    .         Reflect  .   p - +0 helmet
rElec    .         Harm     .   t - +2 cloak
rCorr    .         Rampage  .   (no gloves)
MR       .....                  (no boots)
Stlth    ++........             k - amulet of guardian spirit
HPRegen  0.24/turn              C - ring of see invisible
MPRegen  0.17/turn              (no ring)

@: lethally poisoned (-4 -> -11), about to teleport
A: distributed training, fangs 1, strong nose
a: Depart the Abyss, Bend Space, Banish, Corrupt, Enter the Abyss, Renounce
Religion


You were on level 10 of the Dungeon.
You worshipped Lugonu.
Lugonu was extremely pleased with you.
You visited 1 branch of the dungeon, and saw 10 of its levels.
You visited the Abyss 1 time.
You also visited: Bailey.

You collected 637 gold pieces.
You spent 217 gold pieces at shops.

Inventory:

Hand Weapons
 a - a +2 hand axe
 g - a +5 quarterstaff of chaos (weapon)
 y - the +6 lajatang "Eroneke" {antimagic, Str+8 Int-2 SInv Stlth+}
   (You acquired it on level 6 of the Dungeon)

   It reduces the magical energy of the wielder, and disrupts the spells and
   magical abilities of those hit.
   Natural abilities and divine invocations are not affected.
   It affects your strength (+8).
   It affects your intelligence (-2).
   It lets you see invisible.
   It makes you more stealthy.
Missiles
 h - 11 curare-tipped darts (quivered)
Armour
 o - a +0 scale mail (worn)
 p - a +0 helmet (worn)
 t - a +2 cloak (worn)
Jewellery
 k - an amulet of guardian spirit (around neck)
 C - a ring of see invisible (left hand)
Wands
 b - a wand of flame (44)
 w - a wand of iceblast (11)
 x - a wand of paralysis (15)
 A - a wand of disintegration (6)
Scrolls
 c - 4 scrolls of identify
 e - a scroll of fog
 f - 11 scrolls of remove curse
 n - a scroll of teleportation
 F - 4 scrolls of magic mapping
Potions
 i - a potion of lignification
 j - 3 potions of might
 l - 3 potions of curing
 m - a potion of ambrosia {unknown}
 q - 3 potions of resistance {unknown}
 r - a potion of flight {unknown}
 s - 6 potions of heal wounds {unknown}
 u - 2 potions of mutation
 v - a potion of cancellation {unknown}
 z - 2 potions of brilliance {unknown}
 B - a potion of haste {unknown}
 D - a potion of attraction {unknown}
 E - a potion of invisibility {unknown}
Miscellaneous
 d - a condenser vane


   Skills:
 + Level 9.0 Fighting
 + Level 6.1 Short Blades
 + Level 6.1 Long Blades
 + Level 7.7 Axes
 + Level 6.1 Maces & Flails
 + Level 6.1 Polearms
 + Level 6.1 Staves
 + Level 6.1 Slings
 + Level 6.1 Bows
 + Level 6.1 Crossbows
 + Level 6.1 Throwing
 + Level 7.7 Armour
 + Level 6.6 Dodging
 + Level 6.1 Stealth
 + Level 6.1 Shields
 + Level 6.1 Unarmed Combat
 + Level 6.1 Spellcasting
 + Level 5.0 Conjurations
 + Level 5.0 Hexes
 + Level 5.0 Summonings
 + Level 5.0 Necromancy
 + Level 5.0 Translocations
 + Level 5.0 Transmutations
 + Level 5.0 Fire Magic
 + Level 5.0 Ice Magic
 + Level 5.0 Air Magic
 + Level 5.0 Earth Magic
 + Level 5.0 Poison Magic
 + Level 8.2 Invocations
 + Level 6.1 Evocations


You had 22 spell levels left.
You didn't know any spells.
Your spell library contained the following spells:

 Spells                   Type           Power        Failure   Level
 Corona                   Hex            ###....      6%          1
 Foxfire                  Conj/Fire      ###.         6%          1
 Ensorcelled Hibernation  Hex/Ice        ###...       9%          2
 Confusing Touch          Hex            ###.....     17%         3
 Conjure Flame            Conj/Fire      ###.....     17%         3
 Dazzling Flash           Conj/Hex       ###...       17%         3
 Inner Flame              Hex/Fire       ###.....     17%         3
 Tukima's Dance           Hex            ###.....     17%         3
 Sticky Flame             Conj/Fire      ###.....     50%         4
 Fireball                 Conj/Fire      ###.......   85%         5


Dungeon Overview and Level Annotations

Branches:
Dungeon (10/15)            Temple (0/1) D:5            Lair (0/6) D:9
    Orc (0/2) D:10         Bailey (visited)

Altars:
Cheibriados
Elyvilon
Fedhas
Hepliaklqana
Makhleb
Okawaru
Qazlal
Ru
Sif Muna
Uskayaw
Vehumet
Wu Jian
Xom

Shops:
D:8 *


Innate Abilities, Weirdness & Mutations

Your experience applies equally to all skills.
You have very sharp teeth.
Your uncanny sense of smell can sniff out nearby items.


Message History

The wyvern bites you but does no damage.
Unknown command.
As you read the scroll of teleportation, it crumbles to dust.
You feel strangely unstable.
You feel sick.
The wyvern bites you but does no damage.
The wyvern zombie bites you but does no damage.
The wyvern barely misses you.
Unknown command.
The adder hisses angrily.
You hit the wyvern but do no damage.
The wyvern is poisoned.
Your bite misses the wyvern.
You feel sick. The wyvern bites you!
* * * LOW HITPOINT WARNING * * *
Unknown command.
You hit the wyvern. You freeze the wyvern.
The wyvern is lightly wounded.
* * * LOW HITPOINT WARNING * * *
You feel sick.
The wyvern zombie is no longer moving slowly.
The killer bee misses you. The wyvern bites you!
You die...

#.#... #.#..
#.#.. #.#.. #.#.#
#.#Z# #.#y# #.#@#
########[#l#
.........#F###.#
###.....†o....#
#...........#
#...........#
.......[........#
#####...........#
#...........#


You could see a wyvern (very poisoned), a bullfrog, a killer bee, an orc and a
wyvern zombie.

Vanquished Creatures
  2 two-headed ogres
  A thrashing horror (Abyss:2)
  The ghost of Peloso the Slasher, a novice MiFi of Okawaru (D:5)
  A hornet (D:10)
  A yak (shapeshifter) (D:6)
  Edmund (D:6)
  3 ice beasts
  3 sky beasts
  2 eyes of draining
  2 black bears (D:9)
  4 ogres
  3 phantoms
  5 centaurs
  The ghost of ANON1729 the Slasher, an amateur OpCK of Xom (D:3)
  A big kobold (D:7)
  A small abomination (Abyss:2)
  6 bullfrogs
  A gnoll sergeant (D:8)
  2 scorpions (D:8)
  A wyvern skeleton (D:8)
  A water moccasin skeleton (D:9)
  6 killer bees (D:9)
  8 howler monkeys
  2 centaur zombies
  6 hounds
  13 orc wizards
  2 jellies
  Crazy Yiuf (D:2)
  2 bullfrog skeletons
  A gnoll shaman (D:5)
  4 orc priests
  Ijyb (D:5)
  A centaur skeleton (D:5)
  5 iguanas
  7 worker ants
  Terence (D:2)
  A hound zombie (D:9)
  A hound skeleton (D:5)
  A mummy (D:4)
  2 howler monkey zombies
  Robin (D:4)
  A howler monkey skeleton (D:4)
  5 gnolls
  10 adders
  2 ufetubi
  2 adder zombies
  An ooze (D:1)
  An adder skeleton (D:6)
  A worm (D:5)
  2 dart slugs
  6 leopard geckos
  23 orcs
  2 ball pythons
  8 giant cockroaches
  4 hobgoblins
  11 jackals
  6 quokkas
  10 bats
  3 frilled lizards
  11 goblins
  2 jackal skeletons
  13 kobolds
  3 kobold zombies (D:4)
  A leopard gecko zombie (D:5)
  An orc zombie (D:4)
  A quokka skeleton (D:6)
  2 quokka zombies
  6 rats
247 creatures vanquished.

Vanquished Creatures (collateral kills)
  A jackal (D:8)
1 creature vanquished.

Vanquished Creatures (others)
  7 fungi
  3 plants (D:3)
10 creatures vanquished.

Grand Total: 258 creatures vanquished

Notes
Turn   | Place    | Note
-------+----------+-------------------------------------------
     0 | Abyss:1  | Gargoyl the Gnoll Abyssal Knight began the quest for the
                  | Orb.
     0 | Abyss:1  | Reached XP level 1. HP: 23/23 MP: 3/3
    36 | Abyss:2  | Noticed a small abomination
    38 | Abyss:2  | Noticed a thrashing horror
    39 | Abyss:2  | Noticed a profane servitor
    42 | Abyss:2  | Killed a thrashing horror
    42 | Abyss:2  | Reached skill level 7 in Fighting
    42 | Abyss:2  | Reached skill level 5 in Axes
    42 | Abyss:2  | Reached skill level 5 in Armour
    42 | Abyss:2  | Reached skill level 5 in Invocations
    42 | Abyss:2  | Reached XP level 2. HP: 9/31 MP: 3/5
    42 | Abyss:2  | Reached XP level 3. HP: 10/36 MP: 4/7
    42 | Abyss:2  | Reached XP level 4. HP: 13/43 MP: 4/8
    42 | Abyss:2  | Reached XP level 5. HP: 14/48 MP: 4/9
    42 | Abyss:2  | Reached XP level 6. HP: 16/55 MP: 4/10
    42 | Abyss:2  | Reached XP level 7. HP: 18/60 MP: 4/11
    44 | D:1      | Escaped the Abyss
   368 | D:1      | Reached * piety under Lugonu
   715 | D:2      | Noticed Terence
   725 | D:2      | Killed Terence
   739 | D:2      | Upgraded the game from 0.26-a0-800-g517d6fe721 to
                  | 0.26-a0-808-g930a2b7adc
  1650 | D:2      | Found a runed translucent door.
  1651 | D:2      | Noticed Crazy Yiuf
  1662 | D:2      | Killed Crazy Yiuf
  1953 | D:3      | Found a radiant altar of Vehumet.
  2035 | D:3      | Found an iron altar of Okawaru.
  2244 | D:3      | Found a runed translucent door.
  2261 | D:3      | Found a stormy altar of Qazlal.
  2271 | D:3      | Found a blossoming altar of Fedhas.
  2506 | D:3      | Noticed ANON1729's ghost (amateur OpCK)
  2721 | D:3      | Reached XP level 8. HP: 37/67 MP: 12/12
  2733 | D:3      | Killed ANON1729's ghost
  2985 | D:4      | Noticed Robin
  2987 | D:4      | Reached ** piety under Lugonu
  2997 | D:4      | Killed Robin
  3601 | D:4      | Reached *** piety under Lugonu
  3706 | D:5      | Entered Level 5 of the Dungeon
  4324 | D:5      | Found a staircase to the Ecumenical Temple.
  4541 | D:5      | Noticed Ijyb
  4547 | D:5      | Killed Ijyb
  4567 | D:5      | Noticed Peloso's ghost (novice MiFi)
  4568 | D:5      | Found a runed translucent gate.
  4569 | D:5      | Found a runed translucent gate.
  4569 | D:5      | Found a runed translucent gate.
  4594 | D:5      | Reached XP level 9. HP: 67/72 MP: 14/14
  4670 | D:5      | Found a shimmering blue altar of Sif Muna.
  4674 | D:5      | Found a snail-covered altar of Cheibriados.
  5089 | D:5      | Killed Peloso's ghost
  5089 | D:5      | Reached skill level 5 in Dodging
  5607 | D:6      | Noticed Edmund
  5620 | D:6      | Killed Edmund
  5620 | D:6      | Reached skill level 8 in Fighting
  5624 | D:6      | Reached **** piety under Lugonu
  6161 | D:6      | Noticed a polar bear
  6161 | D:6      | a shapeshifter changed into a polar bear
  6173 | D:6      | Reached XP level 10. HP: 43/80 MP: 17/17
  6174 | D:6      | Identified a scroll of acquirement
  6174 | D:6      | Acquired the +6 lajatang "Eroneke" {antimagic, Str+8 Int-2
                  | SInv Stlth+}
  6793 | D:7      | Found a hazy altar of Hepliaklqana.
  6797 | D:7      | Found an ornate altar of the Wu Jian Council.
  6797 | D:7      | Found a hide-covered altar of Uskayaw.
  6814 | D:7      | Found a shimmering altar of Xom.
  6818 | D:7      | Found a sacrificial altar of Ru.
  6857 | D:7      | Reached skill level 5 in Short Blades
  6857 | D:7      | Reached skill level 5 in Long Blades
  6857 | D:7      | Reached skill level 5 in Maces & Flails
  6857 | D:7      | Reached skill level 5 in Polearms
  6857 | D:7      | Reached skill level 5 in Staves
  6857 | D:7      | Reached skill level 5 in Slings
  6857 | D:7      | Reached skill level 5 in Bows
  6857 | D:7      | Reached skill level 5 in Crossbows
  6857 | D:7      | Reached skill level 5 in Throwing
  6857 | D:7      | Reached skill level 5 in Stealth
  6857 | D:7      | Reached skill level 5 in Shields
  6857 | D:7      | Reached skill level 5 in Unarmed Combat
  6857 | D:7      | Reached skill level 5 in Spellcasting
  6857 | D:7      | Reached skill level 5 in Evocations
  7022 | D:7      | Found a white marble altar of Elyvilon.
  7024 | D:7      | Found a burning altar of Makhleb.
  7422 | D:8      | Noticed a two-headed ogre
  7438 | D:8      | Killed a two-headed ogre
  7476 | D:8      | Reached ***** piety under Lugonu
  7790 | D:8      | Found Fukhoo Sifu's Assorted Antiques.
  7813 | D:8      | Bought a scroll of enchant weapon for 217 gold pieces
  8340 | D:9      | Noticed a two-headed ogre
  8363 | D:9      | Killed a two-headed ogre
  8459 | D:9      | Found a flagged portal.
  8464 | Bailey   | Entered a bailey
  8815 | D:9      | Reached XP level 11. HP: 70/87 MP: 15/19
  9004 | D:9      | Found a staircase to the Lair.
  9152 | D:9      | Reached skill level 9 in Fighting
  9453 | D:10     | Entered Level 10 of the Dungeon
  9470 | D:10     | Found a staircase to the Orcish Mines.
  9502 | D:10     | Reached skill level 5 in Conjurations
  9502 | D:10     | Reached skill level 5 in Hexes
  9502 | D:10     | Reached skill level 5 in Summonings
  9502 | D:10     | Reached skill level 5 in Necromancy
  9502 | D:10     | Reached skill level 5 in Translocations
  9502 | D:10     | Reached skill level 5 in Transmutations
  9502 | D:10     | Reached skill level 5 in Fire Magic
  9502 | D:10     | Reached skill level 5 in Ice Magic
  9502 | D:10     | Reached skill level 5 in Air Magic
  9502 | D:10     | Reached skill level 5 in Earth Magic
  9502 | D:10     | Reached skill level 5 in Poison Magic
  9874 | D:10     | Paralysed by a hornet for 3 turns
  9884 | D:10     | HP: 4/89 [wyvern (10)]
  9885 | D:10     | Slain by a wyvern

Illustrated notes

Levels and vault maps discovered:
D:1:      heliophobic_arrival_enchanted_forest, layout_rooms,
          minmay_pentomino_w2
D:2:      layout_basic, serial_bayou_pond_c, uniq_crazy_yiuf_cottage,
          uniq_terence
D:3:      layout_basic, grunt_temple_overflow_forces_of_nature,
          okawaru_ov_weapons_minmay, fiery_altar_vehumet, ebering_ghost_sewer_d
D:4:      layout_loops_ring, minmay_mini_ossuary, uniq_robin
D:5:      layout_loops_ring, minitemple, minmay_temple_entry_glass,
          gammafunk_ghost_necromancy, grunt_tough_drop, uniq_ijyb
D:6:      layout_loops_corners, serial_glass, glass_columns_a, glass_columns_a,
          uniq_edmund
D:7:      layout_gridville, minmay_overflow_temple_star_hex,
          grunt_temple_overflow_open
D:8:      layout_loops_cross, serial_shops, shop_fountains
D:9:      layout_rooms, lair_entry_dummy, enter_bailey_3
D:10:     layout_basic, david_orc_3, minivault_16, elyvilon_altar_5

Skill      XL: |  1  2  3  4  5  6  7  8  9 10 11 |
---------------+----------------------------------+-----
Fighting       | 7 8 9 |  9.0
Short Blades   | 2 3 4 5 6 |  6.1
Long Blades    | 2 3 4 5 6 |  6.1
Axes           | 5 6 7 |  7.7
Maces & Flails | 2 3 4 5 6 |  6.1
Polearms       | 2 3 4 5 6 |  6.1
Staves         | 2 3 4 5 6 |  6.1
Slings         | 2 3 4 5 6 |  6.1
Bows           | 2 3 4 5 6 |  6.1
Crossbows      | 2 3 4 5 6 |  6.1
Throwing       | 2 3 4 5 6 |  6.1
Armour         | 5 6 7 |  7.7
Dodging        | 3 4 5 6 |  6.6
Stealth        | 2 3 4 5 6 |  6.1
Shields        | 2 3 4 5 6 |  6.1
Unarmed Combat | 2 3 4 5 6 |  6.1
Spellcasting   | 2 3 4 5 6 |  6.1
Conjurations   | 2 3 4 5 |  5.0
Hexes          | 2 3 4 5 |  5.0
Summonings     | 2 3 4 5 |  5.0
Necromancy     | 2 3 4 5 |  5.0
Translocations | 2 3 4 5 |  5.0
Transmutations | 2 3 4 5 |  5.0
Fire Magic     | 2 3 4 5 |  5.0
Ice Magic      | 2 3 4 5 |  5.0
Air Magic      | 2 3 4 5 |  5.0
Earth Magic    | 2 3 4 5 |  5.0
Poison Magic   | 2 3 4 5 |  5.0
Invocations    | 5 6 7 8 |  8.2
Evocations     | 2 3 4 5 6 |  6.1

Action                   |  1- 3 |  4- 6 |  7- 9 | 10-12 || total
-------------------------+-------+-------+-------+-------++-------
Melee: Hand axe          |       |       |   142 |       ||   142
       Bite              |       |       |    57 |    30 ||    87
       Quarterstaff      |       |       |   365 |   298 ||   663
       Punch             |       |       |     1 |       ||     1
Throw: Dart              |       |       |       |     5 ||     5
Invok: Depart the Abyss  |       |       |     1 |       ||     1
Evoke: Condenser vane    |     1 |       |       |       ||     1
  Use: Scroll            |       |       |    19 |     8 ||    27
       Potion            |       |       |     1 |     4 ||     5
 Stab: Invisible         |       |       |     3 |       ||     3
       Sleeping          |       |       |     5 |     8 ||    13
       Paralysed         |       |       |     2 |     3 ||     5
       Confused          |       |       |       |     1 ||     1
       Petrifying        |       |       |       |     1 ||     1
Armor: Leather armour    |     1 |       |    21 |       ||    22
       Scale mail        |       |       |   220 |   143 ||   363
       Skin              |       |       |       |    15 ||    15
Dodge: Dodged            |     1 |       |   339 |   267 ||   607

Table legend: (Time is in decaauts)
 A = Elapsed time spent in this place.
 B = Non-inter-level travel time spent in this place.
 C = Inter-level travel time spent in this place.
 D = Time resting spent in this place.
 E = Time spent auto-exploring this place.
 F = Levels seen in this place.
 G = Mean time per level.
                   A        B        C        D        E       F      G
               +--------+--------+--------+--------+--------+-----+--------+
         Total |   9962 |   9606 |    356 |   1193 |   6254 |  13 |  766.3 |
       Dungeon |   9914 |   9558 |    356 |   1193 |   6228 |  10 |  991.4 |
         Abyss |     43 |     43 |      0 |      0 |     26 |   2 |   21.5 |
        Bailey |      4 |      4 |      0 |      0 |      0 |   1 |    4.0 |
               +--------+--------+--------+--------+--------+-----+--------+

Top non-repeatable levels by time:
     D:5: 1675 daAuts
     D:2: 1307 daAuts
     D:6: 1205 daAuts
     D:9: 1164 daAuts
     D:8: 969 daAuts
     D:3: 893 daAuts
     D:4: 820 daAuts
     D:7: 769 daAuts
     D:1: 673 daAuts
    D:10: 435 daAuts
 Abyss:2: 35 daAuts
 Abyss:1: 8 daAuts
  Bailey: 4 daAuts
